 Dungeon Crawl Stone Soup version 0.30-a0-415-g685d318daa (webtiles) character file.

Game seed: 8317240963887613861

1381 Depression the Fighter (level 8, -1/139 HPs)
             Began as an Ogre Hexslinger on Dec 8, 2022.
             Was a Follower of Okawaru.
             Succumbed to a water moccasin's poison
             ... on level 6 of the Dungeon.
             The game lasted 00:41:48 (7749 turns).

Depression the Fighter (Ogre Hexslinger)            Turns: 7749, Time: 00:41:48

Health: -1/139     AC: 24    Str: 14 (17) XL:     8   Next: 67%
Magic:  5/12       EV:  1    Int: 17 (18) God:    Okawaru [*.....]
Gold:   177        SH:  0    Dex:  6 (9)  Spells: 5/13 levels left

rFire   . . .      SeeInvis .    b - +0 quarterstaff
rCold   . . .      Faith    .    (shield currently unavailable)
rNeg    . . .      Spirit   .    (body armour currently unavailable)
rPois   +          Reflect  .    (helmet currently unavailable)
rElec   .          Harm     .    (cloak currently unavailable)
rCorr   .          Rampage  .    (gloves unavailable)
Will    .....      NoTele   +    (boots unavailable)
Stlth   ..........               s - amulet of the acrobat
HPRegen 0.43/turn                G - ring "Vonaah" {Wiz Int+4}
MPRegen 0.13/turn                (no ring)

@: lethally poisoned (-1 -> -25), tree-form, silenced, very slightly
contaminated
A: stationary, stasis, torment immunity, boosted hp, large, unfitting armour,
(tough skin 1), (horns 1), (iridescent scales 1), (shaggy fur 1)
a: Renounce Religion


You were on level 6 of the Dungeon.
You worshipped Okawaru.
Okawaru was aware of your devotion.
You were a tree.
You visited 2 branches of the dungeon, and saw 7 of its levels.
You also visited: Sewer.

You collected 258 gold pieces.
You spent 81 gold pieces at shops.

Inventory:

Hand Weapons
 a - a +1 sling
 b - a +0 quarterstaff (weapon)
 i - a +2 dagger of venom
 j - a +0 whip
 t - a +0 giant spiked club
 z - a +4 whip
 A - a +0 mace
Missiles
 h - 65 stones
 x - a boomerang
 y - 5 poisoned darts (quivered)
 E - a curare-tipped dart
 H - 5 atropa-tipped darts
Armour
 c - a +0 robe (melded)
Jewellery
 r - an amulet of guardian spirit
 s - an amulet of the acrobat (around neck)
 G - the ring "Vonaah" (left branch) {Wiz Int+4}
   (You found it on level 4 of the Dungeon)

   [ring of wizardry]

   It improves your spell success rate.
   Int:       It affects your intelligence (+4).
Wands
 u - a wand of flame (6)
Scrolls
 d - 2 scrolls of fear
 e - 3 scrolls of enchant armour
 f - 2 scrolls of blinking
 k - 3 scrolls of poison
 l - 3 scrolls of vulnerability
 n - 2 scrolls of immolation
 o - 2 scrolls of magic mapping
 q - a scroll of silence
 B - a scroll of noise {unknown}
 F - a scroll of acquirement {unknown}
 I - a scroll of brand weapon {unknown}
 M - a scroll of teleportation {unknown}
Potions
 g - 5 potions of mutation
 p - a potion of brilliance
 v - 3 potions of magic
 C - a potion of cancellation {unknown}
 D - a potion of invisibility
 J - a potion of degeneration
 L - a potion of attraction


   Skills:
 + Level 9.6 Fighting
 + Level 4.0 Maces & Flails
 - Level 2.0 Ranged Weapons
 - Level 2.0 Dodging
 - Level 3.0 Spellcasting
 - Level 3.0 Hexes
 - Level 3.0 Translocations
 - Level 2.0 Invocations


You had 5 spell levels left.
You knew the following spells:

 Your Spells              Type           Power      Damage    Failure   Level
a - Slow                  Hex            48%        N/A       1%          1
b - Portal Projectile     Hex/Tloc       24%        N/A       6%          3
c - Cause Fear            Hex            6%         N/A       21%         4

Your spell library contained the following spells:

 Spells                   Type           Power      Damage    Failure   Level
 Inner Flame              Hex/Fire       7%         N/A       12%         3


Dungeon Overview and Level Annotations

Branches:
Dungeon (6/15) Zot: 26282  Temple (1/1) D:5 Zot: 5732   Sewer (visited)

Altars:
Ashenzari
Cheibriados
Dithmenos
Elyvilon
Gozag
Hepliaklqana
Kikubaaqudgha
Makhleb
Nemelex Xobeh
Okawaru
Qazlal
Ru
Sif Muna
Uskayaw
Vehumet
Xom
Yredelemnul
Zin
The Shining One

Shops:
D:1 **[*[   D:5 =   D:6 *

Annotations:
D:3 1 runed translucent door, 1 exclusion, Crazy Yiuf


Innate Abilities, Weirdness & Mutations

You are a tree.
Your roots penetrate the ground, keeping you stationary.
You cannot be teleported.
You are immune to unholy pain and torment.
Your maximum health is greatly increased.
Your equipment is partially melded.
You are too large for most types of armour.
((You have tough skin. (AC +1)))
((You have a pair of small horns on your head.))
((You are partially covered in iridescent scales. (AC +2)))
((You are covered in fur. (AC +1)))


Message History

The water moccasin is severely wounded.
You feel very sick. The water moccasin closely misses you.
You take 3 damage, and have 29/93 hp.
You barely miss the water moccasin.
The water moccasin is severely wounded.
You feel sick. The water moccasin bites you!
* * * LOW HITPOINT WARNING * * *
The water moccasin bites you but does no damage.
You take 9 damage, and have 20/93 hp.
You barely miss the water moccasin.
Your headbutt misses the water moccasin.
The water moccasin is severely wounded.
You feel sick. The water moccasin barely misses you.
The water moccasin bites you.
* * * LOW HITPOINT WARNING * * *
You are lethally poisoned!
The water moccasin poisons you!
You take 4 damage, and have 16/93 hp.
It was a potion of flight.
You feel very buoyant.
You fly up into the air.
* * * LOW HITPOINT WARNING * * *
You feel very sick. The water moccasin bites you.
* * * LOW HITPOINT WARNING * * *
You are more poisoned.
The water moccasin poisons you!
You take 6 damage, and have 10/93 hp.
It was a potion of lignification.
You turn into a tree.
Your +0 robe melds into your body.
Your roots penetrate the ground.
* * * LOW HITPOINT WARNING * * *
You feel extremely sick. The water moccasin bites you.
* * * LOW HITPOINT WARNING * * *
The water moccasin bites you but does no damage.
You now have 6/139hp.
You miss the water moccasin.
The water moccasin is severely wounded.
You die...

#...........#........##.#
###...........#........#
.#
..#...........#........#
#.#...........#§.......#
#.#...........###'######
###.##.#........# #.#
.......#.######## #.#
###.#..#.##########.#
#.#..#.#......♣S..#
###.#..#.##.#########
.........##.#
....#.#####.# ###.#.# #.#
#.#.#####.# #.#.......#
###.######### ....#


You could see a water moccasin.

Vanquished Creatures
  Eustachio (D:6)
  An ice beast (D:5)
  3 ogres
  A centaur (D:5)
  A phantom (D:5)
  A kobold brigand (Sewer)
  A necrophage (D:5)
  A scorpion (D:2)
  4 hounds
  An orc priest (D:3)
  A jelly (D:5)
  Jessica (D:2)
  Ijyb (D:3)
  12 adders
  4 gnolls (D:6)
  7 river rats (Sewer)
  A worm (D:2)
  5 dart slugs
  7 orcs
  7 ball pythons
  7 endoplasms
  4 giant cockroaches
  3 goblins
  9 hobgoblins
  13 jackals
  21 kobolds
  6 quokkas
  7 bats
  A frilled lizard (D:3)
  22 rats
154 creatures vanquished.

Vanquished Creatures (others)
  9 fungi
  A plant (D:5)
10 creatures vanquished.

Grand Total: 164 creatures vanquished

Notes
Turn   | Place    | Note
-------+----------+-------------------------------------------
     0 | D:1      | Depression the Ogre Hexslinger began the quest for the Orb.
     0 | D:1      | Reached XP level 1. HP: 19/19 MP: 2/2
    52 | D:1      | Reached XP level 2. HP: 15/28 MP: 4/4
   158 | D:1      | Reached skill level 2 in Dodging
   294 | D:1      | Found Wifoyl Tifer's Armour Boutique.
   349 | D:1      | Found Cuphim Mubb's Assorted Antiques.
   492 | D:1      | Reached skill level 2 in Fighting
   726 | D:1      | Found Wintog's General Store.
   743 | D:1      | Found Nezeiz's Antique Armour Boutique.
   801 | D:1      | Found Sonwagoyti's Assorted Antiques.
   809 | D:1      | Bought a scroll labelled DIDETAMNEPH for 27 gold pieces
  1187 | D:2      | Reached skill level 3 in Hexes
  1187 | D:2      | Reached XP level 3. HP: 35/35 MP: 5/5
  1336 | D:2      | Reached skill level 2 in Spellcasting
  1376 | D:2      | Found a faded altar of an unknown god.
  1527 | D:2      | Reached skill level 2 in Ranged Weapons
  1637 | D:2      | Noticed Jessica
  1645 | D:2      | Killed Jessica
  1646 | D:2      | Reached skill level 1 in Translocations
  1646 | D:2      | Reached XP level 4. HP: 33/44 MP: 7/7
  1709 | D:2      | Found a sparkling altar of Nemelex Xobeh.
  1752 | D:2      | HP: 10/44 [adder (2)]
  1754 | D:2      | Reached skill level 3 in Fighting
  2017 | D:2      | Noticed a scorpion
  2031 | D:2      | Gained mutation: You are covered in fur. (AC +1) [potion of
                  | mutation]
  2031 | D:2      | Gained mutation: You are partially covered in iridescent
                  | scales. (AC +2) [potion of mutation]
  2031 | D:2      | Gained mutation: You have a pair of small horns on your
                  | head. [potion of mutation]
  2033 | D:2      | HP: 11/45 [poisoned by a scorpion]
  2414 | D:2      | Killed a scorpion
  2415 | D:2      | Reached skill level 4 in Fighting
  2415 | D:2      | Reached skill level 2 in Translocations
  2415 | D:2      | Reached XP level 5. HP: 54/54 MP: 5/8
  2677 | D:1      | Bought a scroll labelled JEUMNE ULEZUI for 27 gold pieces
  2677 | D:1      | Bought a scroll labelled QOETOST QEUNAFIWK for 27 gold
                  | pieces
  3009 | D:3      | Learned a level 3 spell: Portal Projectile
  3206 | D:3      | Noticed Ijyb
  3242 | D:3      | Killed Ijyb
  3243 | D:3      | Reached skill level 5 in Fighting
  3379 | D:3      | Reached XP level 6. HP: 60/66 MP: 9/9
  3549 | D:3      | Found a runed translucent door.
  3550 | D:3      | Noticed Crazy Yiuf
  3683 | D:4      | Found a glowing drain.
  3706 | Sewer    | Entered a sewer
  4048 | Sewer    | HP: 14/67 [river rat (5)]
  4051 | Sewer    | Reached skill level 3 in Spellcasting
  4529 | Sewer    | Reached skill level 6 in Fighting
  4529 | Sewer    | Reached skill level 3 in Translocations
  4604 | Sewer    | Reached XP level 7. HP: 68/76 MP: 11/11
  4940 | D:4      | Identified the ring "Vonaah" {Wiz Int+4}
  4948 | D:4      | Learned a level 4 spell: Cause Fear
  5061 | D:4      | Reached skill level 7 in Fighting
  5725 | D:4      | Found a hazy altar of Hepliaklqana.
  5725 | D:4      | Found a shimmering altar of Xom.
  5725 | D:4      | Found a glowing silver altar of Zin.
  5842 | D:5      | Entered Level 5 of the Dungeon
  5890 | D:5      | Reached skill level 1 in Maces & Flails
  6060 | D:5      | Found a staircase to the Ecumenical Temple.
  6075 | Temple   | Entered the Ecumenical Temple
  6159 | Temple   | Became a worshipper of Warmaster Okawaru
  6250 | D:5      | HP: 19/79 [poisoned by an adder]
  6254 | D:5      | HP: 5/79 [centaur (6)]
  6255 | D:5      | Paralysed by a centaur for 2 turns
  6262 | D:5      | Paralysed by a centaur for 3 turns
  6267 | D:5      | Reached skill level 8 in Fighting
  6267 | D:5      | Reached skill level 1 in Invocations
  6556 | D:5      | Reached skill level 2 in Maces & Flails
  6556 | D:5      | Reached XP level 8. HP: 74/88 MP: 10/12
  6600 | D:5      | Reached skill level 2 in Invocations
  6792 | D:5      | Found Kyczuc's Jewellery Boutique.
  6832 | D:5      | Reached skill level 3 in Maces & Flails
  6995 | D:5      | Reached skill level 9 in Fighting
  7237 | D:6      | Found Ziqoef's Assorted Antiques.
  7354 | D:6      | Found a basalt altar of Yredelemnul.
  7355 | D:6      | Found a broken altar of Ashenzari.
  7355 | D:6      | Found a shimmering blue altar of Sif Muna.
  7356 | D:6      | Found an opulent altar of Gozag.
  7358 | D:6      | Found a shadowy altar of Dithmenos.
  7358 | D:6      | Found a stormy altar of Qazlal.
  7358 | D:6      | Noticed Eustachio
  7359 | D:6      | Found a white marble altar of Elyvilon.
  7369 | D:6      | Found a sacrificial altar of Ru.
  7369 | D:6      | Found an ancient bone altar of Kikubaaqudgha.
  7372 | D:6      | Found a burning altar of Makhleb.
  7380 | D:6      | Killed Eustachio
  7380 | D:6      | Reached * piety under Okawaru
  7383 | D:6      | Reached skill level 4 in Maces & Flails
  7707 | D:6      | HP: 22/93 [poisoned by a water moccasin]
  7712 | D:6      | HP: 16/93 [poisoned by a water moccasin]
  7720 | D:6      | HP: 10/93 [water moccasin (6)]
  7741 | D:6      | HP: 22/93 [water moccasin (8)]
  7746 | D:6      | HP: 20/93 [poisoned by a water moccasin]
  7748 | D:6      | HP: 8/139 [poisoned by a water moccasin]
  7749 | D:6      | Succumbed to a water moccasin's poison

Illustrated notes

Levels and vault maps discovered:
D:1:      moated_graveyard_arrival, layout_basic, serial_shops,
          nicolae_shop_overgrown_old_shop, shop, shop_fountains,
          nicolae_shop_hallway_stairs, nicolae_shop_statue_plus
D:2:      minmay_chambers_of_twos, layout_loops_corners, basic_altar,
          hellmonk_ecumenical_altar_lost_god, uniq_jessica
D:3:      layout_rooms, uniq_crazy_yiuf_cottage, uniq_ijyb
D:4:      layout_loops_corners, gammafunk_temple_overflow_forgotten,
          portal_sewer_entry_f, serial_aquarium, aquarium_bridge_island_small
          [aquarium_subvault_small_open, aquarium_subvault_wall,
          aquarium_subvault_wall, aquarium_subvault_bridge,
          aquarium_subvault_bridge], aquarium_window_corridor_3,
          aquarium_window_fake, aquarium_window_1, aquarium_window_fake,
          aquarium_view_2d, aquarium_view_2c, aquarium_balcony_1a
D:5:      layout_rooms, minmay_temple_entry_overgrown, serial_curves,
          eino_curves_02, eino_curves_03, minmay_shop_enchanted_jewellery,
          minmay_misc_feat_roman
D:6:      layout_basic, nicolae_overflows_in_rows, serial_shops, shop,
          dreamdust_gnoll_farm, uniq_maggie, uniq_eustachio, uniq_sigmund
Temple:   nicolae_temple_bog_church

Skill      XL: |  1  2  3  4  5  6  7  8 |
---------------+-------------------------+-----
Dodging        | 2 |  2.0
Fighting       | 2 4 5 6 8 9 |  9.6
Hexes          | 3 |  3.0
Spellcasting   | 2 3 |  3.0
Ranged Weapons | 2 |  2.0
Translocations | 1 2 3 |  3.0
Maces & Flails | 2 4 |  4.0
Invocations    | 1 2 |  2.0

Action                   |  1- 3 |  4- 6 |  7- 9 || total
-------------------------+-------+-------+-------++-------
Melee: Quarterstaff      |       |   179 |    43 ||   222
       Dagger            |       |     5 |       ||     5
       Headbutt          |       |    15 |    27 ||    42
       Giant club        |       |       |    55 ||    55
       Giant spiked club |       |       |    52 ||    52
 Fire: Sling             |   119 |   200 |    36 ||   355
Throw: Dart              |       |       |    12 ||    12
       Stone             |       |       |     1 ||     1
 Cast: Slow              |     1 |    16 |    17 ||    34
       Cause Fear        |       |       |     1 ||     1
       Portal Projectile |       |       |     1 ||     1
  Use: Potion            |       |     1 |     9 ||    10
       Scroll            |       |       |     9 ||     9
Armor: Robe              |    18 |   133 |   107 ||   258
       Skin              |       |       |     1 ||     1
Dodge: Dodged            |    45 |   207 |   172 ||   424

Table legend: (Time is in decaauts)
 A = Elapsed time spent in this place.
 B = Non-inter-level travel time spent in this place.
 C = Inter-level travel time spent in this place.
 D = Time resting spent in this place.
 E = Time spent auto-exploring this place.
 F = Levels seen in this place.
 G = Mean time per level.
                   A        B        C        D        E       F      G
               +--------+--------+--------+--------+--------+-----+--------+
         Total |   7974 |   7659 |    315 |    219 |   5188 |   8 |  996.8 |
       Dungeon |   6589 |   6305 |    284 |    108 |   4429 |   6 | 1098.2 |
        Temple |    267 |    236 |     31 |      0 |    219 |   1 |  267.0 |
         Sewer |   1118 |   1118 |      0 |    111 |    540 |   1 | 1118.0 |
               +--------+--------+--------+--------+--------+-----+--------+

Top non-repeatable levels by time:
     D:1: 1564 daAuts
     D:2: 1494 daAuts
     D:4: 1157 daAuts
   Sewer: 1118 daAuts
     D:5: 994 daAuts
     D:6: 717 daAuts
     D:3: 661 daAuts
  Temple: 267 daAuts
